 Dungeon Crawl Stone Soup version 0.30-a0-1018-g25214051b3 (webtiles) character file.

Game seed: 15984892210512448840

2807 Dirian the Cleaver (level 9, -9/81 HPs)
             Began as a Minotaur Berserker on Apr 7, 2023.
             Was a High Priest of Trog.
             Mangled by a hornet (11 damage)
             ... while paralysed by a hornet
             ... on level 7 of the Dungeon.
             The game lasted 00:12:40 (5779 turns).

Dirian the Cleaver (Minotaur Berserker)             Turns: 5779, Time: 00:12:40

Health: -9/81      AC: 11    Str: 25    XL:     9   Next: 44%
Magic:  8/8        EV:  2    Int:  4    God:    Trog [*****.]
Gold:   194        SH:  0    Dex: 11    Spells: 8/8 levels left

rFire   . . .      SeeInvis .    a - +0 war axe
rCold   + . .      Faith    .    (no shield)
rNeg    + . .      Spirit   .    p - +1 ring mail {rPois}
rPois   +          Reflect  .    (helmet restricted)
rElec   .          Rampage  .    j - scarf {repulsion}
rCorr   .                        e - +0 pair of gloves
Will    .....                    w - +1 pair of boots
Stlth   +                        (no amulet)
HPRegen 0.33/turn                o - ring of protection from cold
MPRegen 0.11/turn                f - ring of positive energy

@: paralysed, lethally poisoned (-9 -> -10), repel missiles
A: horns 2, retaliatory headbutt
a: Renounce Religion, Berserk, Trog's Hand, Brothers in Arms


You were on level 7 of the Dungeon.
You worshipped Trog.
Trog was extremely pleased with you.
You visited 1 branch of the dungeon, and saw 7 of its levels.

You collected 501 gold pieces.
You spent 307 gold pieces at shops.

Inventory:

Hand Weapons
 a - a +0 war axe (weapon)
 x - a +0 flail
Missiles
 b - 12 boomerangs (quivered)
 s - 4 silver javelins
Armour
 e - a +0 pair of gloves (worn)
 j - a scarf of repulsion (worn)
 p - a +1 ring mail of poison resistance (worn)
 w - a +1 pair of boots (worn)
 A - a +0 chain mail
Jewellery
 f - a ring of positive energy (right hand)
 o - a ring of protection from cold (left hand)
Wands
 n - a wand of flame (38)
 v - a wand of digging (4)
Scrolls
 c - a scroll of poison
 g - a scroll of fear
 i - 2 scrolls of magic mapping
 l - a scroll of immolation
 r - a scroll of identify
 t - 2 scrolls of teleportation
 z - a scroll of blinking
Potions
 d - 2 potions of might
 h - a potion of haste
 k - 2 potions of attraction
 m - a potion of berserk rage
 q - 3 potions of curing


   Skills:
 + Level 8.0 Fighting
 + Level 11.6 Axes
 * Level 0.4 Throwing
 * Level 7.8 Armour
 - Level 4.0 Dodging
 * Level 0.4 Evocations


You had 8 spell levels left.
You didn't know any spells.
Your spell library was empty.

Dungeon Overview and Level Annotations

Branches:
Dungeon (7/15) Zot: 26533  Temple (0/1) D:7

Altars:
Dithmenos
Elyvilon
Fedhas
Gozag
Sif Muna
Trog
Uskayaw
Xom

Shops:
D:1 (   D:2 =:*[   D:4 *   D:5 (


Innate Abilities, Weirdness & Mutations

You have a pair of horns on your head.
You reflexively headbutt those who attack you in melee.


Message History

You headbutt the orc warrior.
Your Fighting skill increases to level 8!
You hit the orc warrior.
The orc warrior is moderately wounded.
You hit the hornet but do no damage. The hornet stings you!
You are poisoned.
The orc warrior barely misses you. You furiously retaliate!
You headbutt the orc warrior! The hornet closely misses you.
You hit the orc warrior but do no damage.
Your headbutt misses the orc warrior.
The orc warrior is heavily wounded.
You hit the hornet.
You feel very sick. The hornet stings you!
The orc warrior hits you with a +0 halberd.
You closely miss the orc warrior.
The orc warrior is heavily wounded.
You closely miss the hornet.
You feel sick. The hornet closely misses you.
You barely miss the orc warrior.
The orc warrior is heavily wounded.
You hit the hornet but do no damage.
You feel sick.
The hornet stings you but does no damage.
The orc warrior hits you with a +0 halberd.
The hornet stings you.
You suddenly lose the ability to move!
You feel sick.
The orc warrior hits you with a +0 halberd!
* * * LOW HITPOINT WARNING * * *
The hornet stings you!
* * * LOW HITPOINT WARNING * * *
You feel yourself slow down.
You feel sick. The hornet stings you.
* * * LOW HITPOINT WARNING * * *
The orc warrior hits you but does no damage.
The hornet barely misses you.
You feel yourself speed up.
You feel sick.
The orc warrior hits you with a +0 halberd.
* * * LOW HITPOINT WARNING * * *
The hornet stings you!
You die...

......')........#
#######)........#
#.######### # #.#
#######.# #####
........# #...#
################...##
...............'...>#
.###############@)..#
..# #..yo....# #.#
#........# #.####
............. '....#
#......###.....
###### #...... .....
# #...... .... #
#.##### #### #


You could see a hornet and an orc warrior.

Vanquished Creatures
  A water moccasin (D:5)
  2 sky beasts
  A black bear (D:6)
  2 ogres
  4 phantoms
  3 centaurs
  A bullfrog (D:7)
  4 scorpions
  9 wights
  A howler monkey (D:7)
  A jelly (D:6)
  4 orc priests
  2 gnoll boudas
  4 hounds
  A sleepcap (D:3)
  3 iguanas
  4 orc wizards
  Natasha (thrice) (D:2)
  Robin (D:4)
  9 adders
  10 gnolls
  A white imp (D:6)
  An ufetubus (D:5)
  2 worms (D:3)
  3 dart slugs (D:4)
  22 orcs
  4 endoplasms
  4 giant cockroaches
  16 goblins
  8 hobgoblins
  7 jackals
  9 kobolds
  4 quokkas
  10 ball pythons
  2 bats (D:2)
  5 frilled lizards
  7 rats
175 creatures vanquished.

Notes
Turn   | Place    | Note
-------+----------+-------------------------------------------
     0 | D:1      | Dirian the Minotaur Berserker began the quest for the Orb.
     0 | D:1      | Reached XP level 1. HP: 19/19 MP: 0/0
   253 | D:1      | Reached XP level 2. HP: 26/27 MP: 1/1
   259 | D:1      | Found Lisuggef's Antique Weapon Shoppe.
   350 | D:1      | Reached skill level 4 in Axes
   690 | D:2      | Noticed Natasha
   694 | D:2      | Killed Natasha
   695 | D:2      | Reached XP level 3. HP: 34/34 MP: 2/2
   700 | D:2      | Found Tampoqiv's General Store.
   716 | D:2      | Bought a potion of berserk rage for 55 gold pieces
   766 | D:2      | Noticed Natasha
   772 | D:2      | Killed Natasha
   773 | D:2      | Reached XP level 4. HP: 30/41 MP: 3/3
   828 | D:2      | Reached skill level 5 in Axes
   882 | D:2      | Noticed Natasha
   886 | D:2      | Killed Natasha
   928 | D:2      | Reached skill level 5 in Fighting
   947 | D:2      | Reached ** piety under Trog
   954 | D:2      | Reached XP level 5. HP: 39/48 MP: 4/4
  1076 | D:2      | Found Ybieg's Antique Armour Shoppe.
  1314 | D:2      | Found Vehoyhor's Book Emporium.
  1315 | D:2      | Found Mushen's Jewellery Boutique.
  1617 | D:3      | Reached skill level 6 in Axes
  1841 | D:3      | Reached XP level 6. HP: 56/56 MP: 5/5
  2025 | D:3      | Reached *** piety under Trog
  2472 | D:2      | Bought a scroll of magic mapping for 82 gold pieces
  2615 | D:4      | Found Ynomafa's General Store.
  2673 | D:4      | Noticed Robin
  2689 | D:4      | Killed Robin
  2769 | D:4      | Bought a potion of might for 44 gold pieces
  2905 | D:4      | Found a white marble altar of Elyvilon.
  2943 | D:4      | Reached skill level 7 in Axes
  2965 | D:4      | Found a hide-covered altar of Uskayaw.
  3012 | D:4      | Reached XP level 7. HP: 56/63 MP: 6/6
  3071 | D:4      | Reached skill level 8 in Axes
  3351 | D:5      | Entered Level 5 of the Dungeon
  3359 | D:5      | Found a shadowy altar of Dithmenos.
  3360 | D:5      | Found a shimmering altar of Xom.
  3360 | D:5      | Identified the +11 rapier of Giliquif {elec, rPois rC-
                  | Int+4 SInv}
  3392 | D:5      | Found a blossoming altar of Fedhas.
  3462 | D:5      | Found Qariawna's Antique Weapon Emporium.
  3712 | D:5      | Reached **** piety under Trog
  3891 | D:5      | Found an opulent altar of Gozag.
  3948 | D:5      | Reached skill level 9 in Axes
  3948 | D:5      | Reached XP level 8. HP: 63/71 MP: 7/7
  4147 | D:6      | Reached skill level 5 in Armour
  4521 | D:6      | Reached skill level 10 in Axes
  5149 | D:6      | Reached XP level 9. HP: 74/75 MP: 8/8
  5237 | D:4      | Bought a scroll of identify for 22 gold pieces
  5237 | D:4      | Bought a scroll of blinking for 82 gold pieces
  5237 | D:4      | Bought a scroll of identify for 22 gold pieces
  5354 | D:7      | Reached skill level 11 in Axes
  5410 | D:7      | Found a bloodstained altar of Trog.
  5446 | D:7      | Reached ***** piety under Trog
  5520 | D:7      | Found a staircase to the Ecumenical Temple.
  5551 | D:7      | Found a shimmering blue altar of Sif Muna.
  5776 | D:7      | Paralysed by a hornet for 3 turns
  5779 | D:7      | HP: 2/81 [orc warrior/+0 halberd (6)]
  5779 | D:7      | Mangled by a hornet

Illustrated notes

Levels and vault maps discovered:
D:1:      saegor_arrival_simple_d, layout_basic, serial_shops,
          nicolae_shop_trees, st_stairs_6, chequers_garden
D:2:      layout_basic, serial_shops, shop_fountains, nicolae_shop_trees, shop,
          nicolae_shop_waterfront, minmay_divided_ellipse, uniq_natasha
D:3:      layout_loops_corners
D:4:      layout_loops_cross, elyvilon_altar_1,
          mainiacjoe_overflow_tiny_flanked, serial_shops, nicolae_shop_trees,
          uniq_robin
D:5:      layout_loops_cross, fedhas_ov_isle_minmay, grunt_gozag_breadcrumbs,
          chequers_temple_overflow_statue_of_worship, serial_shops,
          nicolae_take_the_stairs, eino_tiny_chamber
D:6:      layout_loops_ring, nicolae_overflow_hidden_temple
D:7:      layout_basic, lemuel_crystal_altar, bloody_trog, temple_hall,
          serial_rivers, chequers_serial_rivers_micro_c,
          chequers_serial_rivers_small_3, chequers_serial_rivers_micro_c,
          chequers_serial_rivers_large_b, chequers_serial_rivers_room_a

Skill      XL: |  1  2  3  4  5  6  7  8  9 |
---------------+----------------------------+-----
Fighting       | 4 5 6 7 8 |  8.0
Axes           | 4 5 6 7 9 10 11 | 11.6
Dodging        | 3 4 |  4.0
Armour         | 4 6 7 |  7.8
Throwing       | |  0.4
Evocations     | |  0.4

Action                     |  1- 3 |  4- 6 |  7- 9 || total
---------------------------+-------+-------+-------++-------
  Melee: Hand axe          |    49 |   141 |       ||   190
         Headbutt          |    10 |    31 |    36 ||    77
         Punch             |       |     1 |     2 ||     3
         War axe           |       |    23 |   186 ||   209
 Invoke: Berserk           |       |     1 |       ||     1
         Trog's Hand       |       |       |     1 ||     1
    Use: Scroll            |       |     9 |     5 ||    14
         Potion            |       |       |     7 ||     7
 Armour: Animal skin       |     4 |     7 |       ||    11
         Ring mail         |       |    52 |    71 ||   123
  Dodge: Dodged            |    37 |   107 |   119 ||   263
         Repelled          |       |     1 |       ||     1

Table legend: (Time is in decaauts)
 A = Elapsed time spent in this place.
 B = Non-inter-level travel time spent in this place.
 C = Inter-level travel time spent in this place.
 D = Time resting spent in this place.
 E = Time spent auto-exploring this place.
 F = Levels seen in this place.
 G = Mean time per level.
                   A        B        C        D        E       F      G
               +--------+--------+--------+--------+--------+-----+--------+
         Total |   5801 |   5405 |    396 |    228 |   4130 |   7 |  828.7 |
       Dungeon |   5801 |   5405 |    396 |    228 |   4130 |   7 |  828.7 |
               +--------+--------+--------+--------+--------+-----+--------+

Top non-repeatable levels by time:
     D:6: 994 daAuts
     D:3: 984 daAuts
     D:5: 908 daAuts
     D:2: 905 daAuts
     D:4: 864 daAuts
     D:1: 678 daAuts
     D:7: 465 daAuts
